Map: Lerilak Crest

Players

IIIIIIIIIIII - Winner!

  • Race: Protoss Protoss
  • League: Grandmaster

oliM

  • Race: Protoss Protoss
  • League: Grandmaster

VOD

Have the link to the VOD?

Description

Time

  • Played on: March 8, 2016, 12:08 a.m.
  • Length: 6:58
Show
View Real Time Build Order
Export as new Build Order

IIIIIIIIIIII Protoss - Winner!

Build Orders: Oracle Opening 

Get SALT Encoding   

  12  0:01  Probe (Chrono Boost)  
  13  0:11  Probe (Chrono Boost)  
  14  0:18  Pylon  
  14  0:22  Probe (Chrono Boost)  
  15  0:37  Gateway, Probe (Chrono Boost)  
  15  0:42  Assimilator  
  16  0:47  Probe (Chrono Boost)  
  17  0:52  Assimilator  
  17  0:58  Probe (Chrono Boost)  
  18  1:08  Probe (Chrono Boost)  
  18  1:10  Gateway  
  19  1:19  Probe (Chrono Boost)  
  20  1:26  Cybernetics Core  
  20  1:29  Probe (Chrono Boost)  
  21  1:37  Pylon  
  22  1:40  Probe (Chrono Boost)  
  22  1:50  Probe (Chrono Boost)  
  23  2:05  Adept (Chrono Boost)  
  23  2:06  Adept (Chrono Boost)  
  23  2:08  Stargate  
  27  2:28  Stalker (Chrono Boost)  
  27  2:29  Stalker  
  31  2:35  Pylon  
  31  2:47  Pylon  
  31  2:53  Oracle (Chrono Boost)  
  34  3:07  Gateway  
  32  3:21  Stalker x2  
  34  3:28  Warp Gate (Chrono Boost)  
  34  3:42  Void Ray  
  38  4:00  Stalker x2, Zealot  
  41  4:03  Pylon  
  41  4:28  Oracle  
  44  4:36  Stalker, Zealot x2  
  50  4:38  Pylon  
  48  5:03  Void Ray (Chrono Boost)  
  52  5:18  Zealot x3  
  50  5:40  Stalker x3  
  52  6:04  Stalker x3  
  54  6:07  Pylon  
  53  6:29  Adept x2  
  38  6:54  Stalker  
  38  6:55  Zealot  
Show
View Real Time Build Order
Export as new Build Order

oliM Protoss 

Build Orders: 1 Gate Expand 

Get SALT Encoding   

  12  0:01  Probe (Chrono Boost)  
  13  0:12  Probe (Chrono Boost)  
  14  0:18  Pylon  
  14  0:22  Probe (Chrono Boost)  
  15  0:36  Gateway, Probe (Chrono Boost)  
  16  0:46  Probe (Chrono Boost)  
  16  0:47  Assimilator  
  17  0:57  Probe (Chrono Boost)  
  18  1:08  Probe (Chrono Boost)  
  19  1:20  Nexus  
  19  1:30  Cybernetics Core  
  19  1:40  Probe (Chrono Boost), Assimilator  
  20  1:52  Gateway  
  20  1:55  Probe (Chrono Boost)  
  21  2:01  Pylon  
  21  2:09  Mothership Core (Chrono Boost)  
  23  2:19  Stalker (Chrono Boost)  
  25  2:24  Warp Gate (Chrono Boost)  
  25  2:27  Probe (Chrono Boost)  
  26  2:33  Probe  
  27  2:40  Stalker (Chrono Boost)  
  29  2:48  Pylon  
  29  2:50  Probe  
  30  2:59  Stalker (Chrono Boost)  
  31  3:11  Probe  
  29  3:19  Probe  
  27  3:23  Probe  
  27  3:24  Sentry  
  30  3:33  Stalker  
  29  3:57  Probe  
  29  4:02  Probe  
  31  4:13  Pylon  
  31  4:17  Pylon  
  31  4:28  Stalker x2  
  34  4:34  Probe  
  34  4:35  Probe  
  36  4:46  Probe  
  37  4:55  Stalker  
  37  4:58  Stalker  
  41  5:06  Gateway  
  41  5:09  Probe  
  40  5:28  Stalker x2  
  39  5:48  Adept  
  39  5:49  Adept  
  35  6:01  Pylon  
  35  6:18  Probe  
  34  6:25  Sentry  
  34  6:29  Zealot  
Tags
 
Add a new tag
Caveats
  • Supply blocks, unpowered buildings, or Contaminate may cause inaccurate times.
  • Supply counts are checked every 10 seconds.